 Dungeon Crawl Stone Soup version 0.15-a0-348-gfef1ba5 (webtiles) character file.

259 4tharraofdagon the Quickloader (level 6, 0/34 HPs)
             Began as a Kobold Hunter on May 2, 2014.
             Was an Initiate of Cheibriados.
             Slain by an orc
             ... wielding a +0,+0 flail
              (1 damage)
             ... on Level 5 of the Dungeon.
             The game lasted 00:06:00 (727 turns).

4tharraofdagon the Quickloader (Kobold Hunter)       Turns: 727, Time: 00:06:00

HP   0/34        AC  4     Str 15      XL: 6   Next: 11%
MP   6/6         EV 13     Int 10      God: Cheibriados [......]
Gold 52          SH  0     Dex 16      Spells:  0 memorised,  5 levels left

rFire  . . .     SeeInvis .     c - +1 blowgun
rCold  . . .     Clarity  .     d - +0 leather armour
rNeg   . . .     Conserve .     (no shield)
rPois  .         rCorr    .     g - +0 helmet
rElec  .         rRot     .     (no cloak)
SustAb . .       Spirit   .     (no gloves)
rMut   .         Warding  .     (no boots)
Saprov + + .     Stasis   .     (no amulet)
MR     .....                    (no ring)
                                (no ring)

@: very slow, not resistant to hostile enchantments, unstealthy
A: disease resistance, carnivore 3, saprovore 2
a: Bend Time, Renounce Religion


You were on level 5 of the Dungeon.
You worshipped Cheibriados.
Cheibriados was noncommittal.
You were not hungry.

You visited 2 branches of the dungeon, and saw 6 of its levels.

You collected 52 gold pieces.

Inventory:

Hand weapons
 a - a +0,+0 short sword
 b - a +1,+1 crossbow
 c - a +1 blowgun (weapon)
 n - a -3,-3 dagger
Missiles
 e - a bolt
 i - 13 poisoned needles
 k - 2 curare-tipped needles (quivered)
Armour
 d - a +0 leather armour (worn)
 g - a +0 helmet (worn)
 j - a cursed +0 leather armour
Magical devices
 m - a wand of teleportation (0)
Comestibles
 f - a meat ration
Scrolls
 h - 2 scrolls of amnesia
 l - a scroll of remove curse


   Skills:
 - Level 1.1 Fighting
 * Level 8.3 Crossbows
 - Level 2.4 Dodging
 - Level 1.3 Stealth


You had 5 spell levels left.
You didn't know any spells.

Dungeon Overview and Level Annotations

Branches:
Dungeon (5/15)             Temple (1/1) D:5

Altars:
Cheibriados
Nemelex Xobeh
Okawaru
Sif Muna
Yredelemnul
The Shining One

Annotations:
D:5 Sigmund


Innate Abilities, Weirdness & Mutations

You recuperate from illness quickly.
You are small and have problems with some larger weapons.
You are carnivorous and can eat meat at any time.
You can eat rotten meat.


Message History

Quiver which item? (- for none, * to show all) (? for menu, Esc to quit)
Okay, then.
Firing (i - inventory. (,) - cycle):
k - 4 curare-tipped needles (quivered)
Press: ? - help, Shift-Dir - straight line, f/p - orc
Aim: an orc, wielding a whip (heavily wounded)
You shoot a curare-tipped needle. The curare-tipped needle hits the orc.
The orc is heavily wounded.
The orc is poisoned.
The orc convulses.
You kill the orc!
Cheibriados thoroughly appreciates the change of pace.
The orc hits you with a flail.
* * * LOW HITPOINT WARNING * * *
The orc closely misses you.
Firing (i - inventory. (,) - cycle):
k - 3 curare-tipped needles (quivered)
Press: ? - help, Shift-Dir - straight line, f - orc
Aim: an orc, wielding a flail and wearing a shiny ring mail You shoot a curare-tipped needle.
The curare-tipped needle hits the orc.
The orc is poisoned.
The orc convulses.
The orc seems to slow down.
The orc hits you with a flail.
You die...

##### #...#
#(⌠.#
####(..####.#
#.....(.....#
#.⌠.%@o.⌠.#
#...o.....# #
####.o.####
.. #.⌠.# ..
######..[# #K
#......###
##.
#.....######
..
#............
#.
#.o..o######
###..#.#.


You could see an orc priest and 2 orcs.

Vanquished Creatures
  An ogre (D:5)
  3 gnolls (D:3)
  3 adders
  2 giant mites
  A worm (D:2)
  An orc skeleton (D:4)
  7 orcs
  2 bats (D:2)
  3 giant cockroaches
  2 hobgoblins
  4 kobolds
  A quokka (D:5)
  A giant newt (D:4)
  2 goblins (D:2)
  7 rats
40 creatures vanquished.

Notes
Turn   | Place    | Note
--------------------------------------------------------------
     0 | D:1      | 4tharraofdagon, the Kobold Hunter, began the quest for the Orb.
     0 | D:1      | Reached XP level 1. HP: 12/12 MP: 1/1
    33 | D:1      | Reached skill level 5 in Crossbows
    86 | D:2      | Reached XP level 2. HP: 14/16 MP: 2/2
   172 | D:2      | Reached XP level 3. HP: 12/20 MP: 3/3
   198 | D:2      | Reached skill level 6 in Crossbows
   242 | D:3      | Reached XP level 4. HP: 3/25 MP: 4/4
   290 | D:3      | Reached skill level 7 in Crossbows
   419 | D:3      | Reached XP level 5. HP: 10/29 MP: 5/5
   573 | D:5      | Entered Level 5 of the Dungeon
   633 | D:5      | Noticed Sigmund
   645 | D:5      | WHAHAHAHA
   669 | D:5      | Found a staircase to the Ecumenical Temple.
   670 | D:5      | Noticed an ogre
   676 | D:5      | Killed an ogre
   676 | D:5      | Reached skill level 8 in Crossbows
   676 | D:5      | Reached XP level 6. HP: 9/34 MP: 6/6
   680 | Temple   | Entered the Ecumenical Temple
   704 | Temple   | Became a worshipper of Cheibriados the Contemplative
   726 | D:5      | HP: 1/34 [orc/flail (5)]
   727 | D:5      | Slain by an orc

Action                   |  1- 3 |  4- 6 || total
-------------------------+-------+-------++-------
Melee: Short sword       |       |     3 ||     3
 Fire: Crossbow          |    36 |    51 ||    87
       Blowgun           |       |     6 ||     6
Evoke: Wand              |       |     1 ||     1
  Use: Potion            |       |     1 ||     1
       Scroll            |       |     7 ||     7
